 Dungeon Crawl Stone Soup version 0.30-a0-6-g7c9e10e132 (webtiles) character file.

Game seed: 18051059460861745283

22 SensoryNuts the Trooper (level 2, -2/26 HPs)
             Began as a Draconian Fighter on Aug 22, 2022.
             Slain by a worm (10 damage)
             ... on level 2 of the Dungeon.
             The game lasted 00:00:38 (1069 turns).

SensoryNuts the Trooper (Draconian Fighter)         Turns: 1069, Time: 00:00:38

Health: -2/26      AC:  4    Str: 24    XL:     2   Next: 68%
Magic:  2/2        EV: 12    Int:  8    God:
Gold:   19         SH:  4    Dex: 10    Spells: 1/1 levels left

rFire   . . .      SeeInvis .    a - +0 war axe
rCold   . . .      Faith    .    b - +0 buckler
rNeg    . . .      Spirit   .    (body armour unavailable)
rPois   .          Reflect  .    (helmet restricted)
rElec   .          Harm     .    (no cloak)
rCorr   .          Rampage  .    (no gloves)
Will    .....                    (no boots)
Stlth   +.........               (no amulet)
HPRegen 0.08/turn                d - +6 ring of strength
MPRegen 0.08/turn                (no ring)

@: no status effects
A: AC +4, unfitting armour, cold-blooded
a: no special abilities


You were on level 2 of the Dungeon.
You visited 1 branch of the dungeon, and saw 2 of its levels.

You collected 19 gold pieces.

Inventory:

Hand Weapons
 a - a +0 war axe (weapon)
Armour
 b - a +0 buckler (worn)
Jewellery
 d - a +6 ring of strength (left hand)
Scrolls
 e - a scroll of silence {unknown}
 f - a scroll of teleportation {unknown}
 g - a scroll of blinking {unknown}
 h - a scroll of magic mapping {unknown}
Potions
 c - 3 potions of might
 i - 2 potions of curing {unknown}


   Skills:
 + Level 3.5 Fighting
 + Level 2.3 Axes
 + Level 3.0 Dodging
 + Level 3.3 Shields


You had one spell level left.
You didn't know any spells.
Your spell library contained the following spells:

 Spells                   Type           Power      Damage    Failure   Level
 Static Discharge         Conj/Air       0%         3-3/arc   65%         2
 Dispel Undead            Necr           0%         3d6       99%         4
 Sticky Flame             Conj/Fire      0%         2d3       99%         4


Dungeon Overview and Level Annotations

Branches:
Dungeon (2/15)

Altars:


Innate Abilities, Weirdness & Mutations

Your plain brown scales are hard. (AC +4)
You cannot fit into any form of body armour.
You are cold-blooded and may be slowed by cold attacks.


Message History

You closely miss the rat. The giant cockroach barely misses you.
The rat barely misses you.
You hit the worm but do no damage. You hit the giant cockroach.
You kill the giant cockroach!
You closely miss the rat. The rat bites you but does no damage.
The worm closely misses you.
You barely miss the worm. You hit the rat. The rat barely misses you.
The rat bites you. The worm bites you!
You closely miss the rat.
The rat is severely wounded.
You barely miss the worm. You block the rat's attack.
You closely miss the rat.
The rat is severely wounded.
You slash the worm! The rat closely misses you. The worm bites you!
You block the rat's attack.
You are too injured to fight recklessly!
You are too injured to fight recklessly!
You are too injured to fight recklessly!
You are too injured to fight recklessly!
You are too injured to fight recklessly!
You are too injured to fight recklessly!
You are too injured to fight recklessly!
You are too injured to fight recklessly!
You are too injured to fight recklessly!
You are too injured to fight recklessly!
You are too injured to fight recklessly!
Unknown command.
You are too injured to fight recklessly!
You barely miss the worm. You tail-slap the worm.
The worm is heavily wounded.
You barely miss the rat. The rat bites you. The worm misses you.
You hit the worm.
The worm is severely wounded.
You hit the rat.
You kill the rat!
The worm closely misses you.
You hit the worm but do no damage.
The worm is heavily wounded.
The worm bites you!
You die...

#### #...
#... #
#...####.#
#..w#.†..#
#...@<#
......†..#
......$..#
.........#
.........#
.........#
.........#
.........#


You could see a worm.

Vanquished Creatures
  A dart slug (D:1)
  2 bats (D:1)
  2 endoplasms (D:1)
  A giant cockroach (D:2)
  3 goblins (D:1)
  A hobgoblin (D:2)
  3 quokkas (D:1)
  A ball python (D:1)
  2 kobolds (D:1)
  A rat (D:2)
17 creatures vanquished.

Notes
Turn   | Place    | Note
-------+----------+-------------------------------------------
     0 | D:1      | SensoryNuts the Draconian Fighter began the quest for the
                  | Orb.
     0 | D:1      | Reached XP level 1. HP: 19/19 MP: 1/1
   394 | D:1      | Reached XP level 2. HP: 26/26 MP: 2/2
  1069 | D:2      | Slain by a worm

Illustrated notes

Levels and vault maps discovered:
D:1:      kennysheep_arrival_forest, layout_basic
D:2:      kennysheep_big_flooded_room, layout_basic

Skill      XL: |  1  2 |
---------------+-------+-----
Dodging        | 3 |  3.0
Fighting       | |  3.5
Axes           | |  2.3
Shields        | |  3.3

Action                   || total
-------------------------++-------
Melee: War axe           ||    47
       Tailslap          ||     7
Armor: Skin              ||    15
Dodge: Dodged            ||    38
Block: Buckler           ||    14

Table legend: (Time is in decaauts)
 A = Elapsed time spent in this place.
 B = Non-inter-level travel time spent in this place.
 C = Inter-level travel time spent in this place.
 D = Time resting spent in this place.
 E = Time spent auto-exploring this place.
 F = Levels seen in this place.
 G = Mean time per level.
                   A        B        C        D        E       F      G
               +--------+--------+--------+--------+--------+-----+--------+
         Total |   1093 |   1031 |     62 |      0 |    900 |   2 |  546.5 |
       Dungeon |   1093 |   1031 |     62 |      0 |    900 |   2 |  546.5 |
               +--------+--------+--------+--------+--------+-----+--------+

Top non-repeatable levels by time:
     D:1: 1078 daAuts
     D:2: 14 daAuts
